 Dungeon Crawl Stone Soup version 0.28.0 (webtiles) character file.

Game seed: 15258428356048143377

64 HallandMoats the Skirmisher (level 4, -4/29 HPs)
             Began as a Gargoyle Fighter on Feb 12, 2022.
             Was an Initiate of Yredelemnul.
             Slain by a gnoll (8 damage)
             ... on level 4 of the Dungeon.
             The game lasted 00:02:00 (2197 turns).

HallandMoats the Skirmisher (Gargoyle Fighter)      Turns: 2197, Time: 00:02:01

Health: -4/29      AC:  8    Str: 21    XL:     4   Next: 12%
Magic:  5/5        EV: 10    Int:  9    God:    Yredelemnul [......]
Gold:   82         SH:  4    Dex:  9    Spells: 3/3 levels left

rFire   . . .      SeeInvis .   a - +0 trident
rCold   . . .      Faith    .   c - +0 buckler
rNeg    + . .      Spirit   .   m - +3 ring mail {rPois}
rPois   ∞          Reflect  .   (no helmet)
rElec   +          Harm     .   (no cloak)
rCorr   .          Rampage  .   (no gloves)
Will    .....                   (no boots)
Stlth   ..........              (no amulet)
HPRegen 0.09/turn               (no ring)
MPRegen 0.09/turn               (no ring)

@: corroded
A: sickness immunity, AC +3, negative energy resistance 1, electricity
resistance, torment resistance 1, petrification resistance
a: Renounce Religion, Recall Undead Harvest


You were on level 4 of the Dungeon.
You worshipped Yredelemnul.
Yredelemnul was noncommittal.
You visited 1 branch of the dungeon, and saw 4 of its levels.

You collected 82 gold pieces.

Inventory:

Hand Weapons
 a - a +0 trident (weapon)
Armour
 c - a +0 buckler (worn)
 m - a +3 ring mail of poison resistance (worn)
Jewellery
 q - a ring of willpower
Scrolls
 f - a scroll of amnesia {unknown}
 h - a scroll of teleportation {unknown}
 i - a scroll of fog {unknown}
 k - a scroll of blinking {unknown}
 p - a scroll of enchant weapon {unknown}
Potions
 b - a potion of resistance {unknown}
 d - a potion of might
 e - 2 potions of heal wounds {unknown}
 g - a potion of degeneration {unknown}
 j - 2 potions of mutation {unknown}
 l - a potion of haste {unknown}
 n - 2 potions of curing {unknown}
 o - 2 potions of magic {unknown}


   Skills:
 * Level 3.8 Fighting
 * Level 2.3 Polearms
 + Level 3.6 Armour
 + Level 0.5 Dodging
 + Level 3.5 Shields
 * Level 1.7 Invocations


You had 3 spell levels left.
You didn't know any spells.
Your spell library contained the following spells:

 Spells                   Type           Power      Damage    Failure   Level
 Corpse Rot               Necr/Air       0%         N/A       78%         2
 Poisonous Vapours        Pois/Air       0%         N/A       78%         2


Dungeon Overview and Level Annotations

Branches:
Dungeon (3/15)

Altars:
Xom
Yredelemnul


Innate Abilities, Weirdness & Mutations

You are immune to sickness and miasma.
Your stone body is resilient. (AC +3)
You are immune to poison.
You resist negative energy. (rN+)
You are resistant to electric shocks. (rElec)
You are resistant to unholy torment.
You are immune to petrification.


Message History

The jelly hits you. The acid corrodes you!
You are splashed with acid!
The hound barely misses you.
The jelly jiggles.
The gnoll hits you but does no damage. You block the gnoll's attack.
The giant cockroach bites you but does no damage.
The hound bites you.
Unknown command.
The giant cockroach closely misses you. The gnoll hits you with a +0 spear.
The hound bites you but does no damage.
You closely miss the gnoll. The hound bites you. You block the gnoll's attack.
You block the hound's attack.
You hit the gnoll but do no damage. The hound closely misses you.
The centaur skeleton hits you.
You block the centaur skeleton's attack.
You barely miss the gnoll. The hound barely misses you.
The centaur skeleton hits you but does no damage.
The centaur skeleton barely misses you. The hound misses you.
The centaur skeleton hits you but does no damage.
The centaur skeleton kicks you but does no damage.
The gnoll closely misses you. You block the gnoll's attack.
You hit the gnoll.
The gnoll is lightly wounded.
The hound bites you but does no damage.
The centaur skeleton hits you but does no damage.
The centaur skeleton kicks you but does no damage.
The jelly jiggles.
The gnoll hits you with a +0 spear.
* * * LOW HITPOINT WARNING * * *
The gnoll hits you with a +0 whip of electrocution.
* * * LOW HITPOINT WARNING * * *
The hound closely misses you.
You hit the gnoll but do no damage.
The gnoll is lightly wounded.
You block the centaur skeleton's attack.
The centaur skeleton barely misses you. The hound barely misses you.
The gnoll closely misses you.
The gnoll hits you with a +0 whip of electrocution!
You die...
Your body rises from the dead as a mindless zombie.

.# #.#### #....##
######.#...###....
..................
#.#.#.#.#.#.#.#.#...#
#......ggSg....#...#
#..#.#@#..g#.#.#..#
.......ZhJ.......?.#
##...?#.#B....#.#..#
..................#
........#...#...#.#####
.......................
##...####.#.#.#.#..###
#... #..........# ...
....#.#.#.##


You could see a hound, a jelly, 3 gnolls, an adder, a giant cockroach and a
centaur skeleton.

Vanquished Creatures
  Terence (D:1)
  6 endoplasms
  4 giant cockroaches
  2 goblins (D:1)
  7 hobgoblins
  2 kobolds
  A quokka (D:1)
  3 ball pythons
  4 bats (D:2)
  4 frilled lizards
34 creatures vanquished.

Notes
Turn   | Place    | Note
-------+----------+-------------------------------------------
     0 | D:1      | HallandMoats the Gargoyle Fighter began the quest for the
                  | Orb.
     0 | D:1      | Reached XP level 1. HP: 14/14 MP: 1/1
   357 | D:1      | Reached XP level 2. HP: 18/19 MP: 2/2
   503 | D:1      | Reached skill level 1 in Invocations
  1153 | D:2      | Noticed Terence
  1168 | D:1      | Killed Terence
  1169 | D:1      | Reached XP level 3. HP: 8/24 MP: 2/4
  1383 | D:2      | Found a shimmering altar of Xom.
  1672 | D:2      | Reached XP level 4. HP: 29/29 MP: 5/5
  1720 | D:2      | Found a faded altar of an unknown god.
  1975 | D:2      | Prayed at the altar of an unknown god.
  1975 | D:2      | Became a worshipper of Yredelemnul the Dark
  1975 | D:2      | Reached * piety under Yredelemnul
  2182 | D:3      | You fall into a shaft and drop 1 floor!
  2197 | D:4      | Slain by a gnoll

Illustrated notes

Levels and vault maps discovered:
D:1:      scummos_arrival_checkerplants, layout_basic, st_stairs_12,
          minmay_3d_cube
D:2:      layout_basic, ebering_ecumenical_altar_hall, basic_altar,
          kennysheep_donut, due_unseen_surprise, uniq_terence
D:3:      layout_basic, minmay_misc_feat_cross, item_on_display_a, uniq_ijyb
D:4:      layout_loops_ring, gammafunk_ghost_necromancy,
          gup_sewer_entry_bubbles, corexii_hall_statues_s,
          hangedman_decor_riveting, hex_tiny

Skill      XL: |  1  2 |
---------------+-------+-----
Polearms       | 2 |  2.3
Invocations    | 1 |  1.7
Fighting       | |  3.8
Armour         | |  3.6
Dodging        | |  0.5
Shields        | |  3.5

Action                   |  1- 3 |  4- 6 || total
-------------------------+-------+-------++-------
Melee: Trident           |   101 |    17 ||   118
  Use: Potion            |     1 |       ||     1
Armor: Scale mail        |    29 |       ||    29
       Ring mail         |     9 |    12 ||    21
Dodge: Dodged            |    43 |    18 ||    61
Block: Buckler           |    13 |     8 ||    21
